 Dungeon Crawl Stone Soup version 0.31-a0-1-g4198be8af4 (webtiles) character file.

Game seed: 12642016222122408452

37 iamoutofideas the Chopper (level 3, -2/30 HPs)
             Began as a Hill Orc Gladiator on May 1, 2023.
             Killed by divine providence
             ... invoked by an orc priest
              (11 damage)
             ... on level 2 of the Dungeon.
             The game lasted 00:01:27 (1654 turns).

iamoutofideas the Chopper (Hill Orc Gladiator)      Turns: 1654, Time: 00:01:27

Health: -2/30      AC:  7    Str: 18    XL:     3   Next: 39%
Magic:  3/3        EV: 10    Int:  8    God:
Gold:   79         SH:  0    Dex: 12    Spells: 2/2 levels left

rFire   . . .        g - +0 hand axe
rCold   . . .        (no shield)
rNeg    . . .        m - +0 scale mail
rPois   .            c - +0 helmet
rElec   .            (no cloak)
rCorr   .            (no gloves)
SInv    .            (no boots)
Will    .....        (no amulet) Stlth
                     (no ring)
HPRegen 0.25/turn    (no ring)
MPRegen 0.08/turn

%: no passive effects
@: no status effects
A: no striking features
a: Convert to Beogh


You were on level 2 of the Dungeon.
You visited 1 branch of the dungeon, and saw 3 of its levels.

You collected 79 gold pieces.

Inventory:

Hand Weapons
 a - a +0 war axe
 g - a +0 hand axe (weapon)
Missiles
 d - 3 throwing nets (quivered)
 e - a javelin
Armour
 b - a +0 leather armour
 c - a +0 helmet (worn)
 m - a +0 scale mail (worn)
Wands
 s - a wand of polymorph (10)
Scrolls
 f - 4 scrolls of identify {unknown}
 j - a scroll of teleportation {unknown}
 k - a scroll of enchant armour {unknown}
 n - a scroll of brand weapon {unknown}
 o - a scroll of fog {unknown}
 p - 2 scrolls of poison {unknown}
 t - a scroll of amnesia {unknown}
 v - a scroll of noise {unknown}
Potions
 h - a potion of magic {unknown}
 i - a potion of invisibility {unknown}
 l - a potion of berserk rage {unknown}
 q - a potion of heal wounds {unknown}
 r - 2 potions of attraction {unknown}
 u - a potion of flight {unknown}
 w - a potion of degeneration {unknown}
 x - a potion of lignification {unknown}


   Skills:
 + Level 2.8 Fighting
 * Level 5.0 Axes
 - Level 1.7 Throwing
 + Level 0.1 Armour
 + Level 2.8 Dodging


You had 2 spell levels left.
You didn't know any spells.
Your spell library was empty.

Dungeon Overview and Level Annotations

Branches:
Dungeon (3/15)

Altars:

Annotations:
D:3 Terence


Message History

Terence looks scornfully at you.
You see here a giant cockroach corpse.
Found 11 gold pieces and an inky potion.
Found a ring mail.
There is a stone staircase leading up here.
Terence screams, "I want your blood!"
The orc priest invokes the aid of Beogh against you.
Beogh smites you!
You climb upwards.
There is a stone staircase leading down here.
The orc priest shouts, "Join the one true god or die!"
You hit the orc priest.
The orc priest is moderately wounded.
The orc priest barely misses you.
You hit the orc priest but do no damage.
The orc priest is moderately wounded.
The orc priest barely misses you. The orc priest completely misses you.
You barely miss the orc priest.
The orc priest is moderately wounded.
The orc priest looks satisfied for a moment.
You barely miss the orc priest.
The orc priest is moderately wounded.
The orc priest barely misses you.
You hit the orc priest.
The orc priest is heavily wounded.
The orc priest hits you but does no damage.
You hit the orc priest but do no damage.
The orc priest is heavily wounded.
The orc priest hits you with a +0 mace!
You are too injured to fight recklessly!
You completely miss the orc priest.
The orc priest is heavily wounded.
The orc priest hits you with a +0 mace.
* * * LOW HITPOINT WARNING * * *
You are too injured to fight recklessly!
You hit the orc priest but do no damage.
The orc priest is heavily wounded.
The orc priest calls down the wrath of Beogh upon you.
Beogh smites you!
You die...

......# #.......#
#.........# ......#
#.......# #.........#
......#####......#
####...####
.........##......######.###
.........##......##.....#
###
.........###..#####.#####
####'## ......#### #..###
#.# #...... #######
#....###.# #......
#####'##o@...# #......
#......##.#### #......
#......##.# #......
#......##.# #......
#.#######.# #......
#......##.# #######
######.##.# #.##.# #.##.#


You could see an orc priest.

Vanquished Creatures
  A worm (D:2)
  A dart slug (D:1)
  An orc (D:3)
  5 bats
  An endoplasm (D:2)
  3 giant cockroaches
  2 goblins
  A hobgoblin (D:1)
  4 quokkas
  4 ball pythons
  3 frilled lizards
  3 rats
29 creatures vanquished.

Notes
Turn   | Place    | Note
-------+----------+-------------------------------------------
     0 | D:1      | iamoutofideas the Hill Orc Gladiator began the quest for
                  | the Orb.
     0 | D:1      | Reached XP level 1. HP: 18/18 MP: 1/1
   149 | D:1      | Reached XP level 2. HP: 25/25 MP: 2/2
   989 | D:2      | Reached XP level 3. HP: 30/30 MP: 3/3
  1511 | D:3      | Reached skill level 5 in Axes
  1626 | D:3      | Noticed Terence
  1654 | D:2      | Killed from afar by an orc priest

Illustrated notes

Levels and vault maps discovered:
D:1:      heliophobic_arrival_ceremonial_halls, layout_rooms, minivault_5,
          chequers_serial_rivers_micro_c
D:2:      layout_basic
D:3:      layout_loops_cross, lemuel_tele_altar,
          grunt_temple_overflow_bloody_war, serial_shops, shop, uniq_terence

Skill      XL: |  1  2  3 |
---------------+----------+-----
Axes           | 5 |  5.0
Fighting       | |  2.8
Throwing       | |  1.7
Armour         | |  0.1
Dodging        | |  2.8

Action                     || total
---------------------------++-------
  Melee: Hand axe          ||   107
         War axe           ||     2
         Punch             ||     3
 Armour: Leather armour    ||    12
         Scale mail        ||    29
  Dodge: Dodged            ||    62

Table legend: (Time is in decaauts)
 A = Elapsed time spent in this place.
 B = Non-inter-level travel time spent in this place.
 C = Inter-level travel time spent in this place.
 D = Time resting spent in this place.
 E = Time spent auto-exploring this place.
 F = Levels seen in this place.
 G = Mean time per level.
                   A        B        C        D        E       F      G
               +--------+--------+--------+--------+--------+-----+--------+
         Total |   1659 |   1556 |    103 |     84 |   1196 |   3 |  553.0 |
       Dungeon |   1659 |   1556 |    103 |     84 |   1196 |   3 |  553.0 |
               +--------+--------+--------+--------+--------+-----+--------+

Top non-repeatable levels by time:
     D:2: 883 daAuts
     D:1: 627 daAuts
     D:3: 148 daAuts
